 Dungeon Crawl Stone Soup version 0.22-a0-799-g88f5e90 (webtiles) character file.

1541 iamserjio the Covert (level 8, -3/40 HPs)
             Began as a Spriggan Monk on July 21, 2018.
             Was a Believer of Dithmenos.
             Slain by a killer bee (6 damage)
             ... on level 9 of the Dungeon.
             The game lasted 00:37:19 (4062 turns).

iamserjio the Covert (Spriggan Monk)                Turns: 4062, Time: 00:37:20

Health: -3/40      AC:  2    Str:  7    XL:     8   Next: 56%
Magic:  14/14      EV: 29    Int: 14    God:    Dithmenos [**....]
Gold:   108        SH:  0    Dex: 18    Spells: 9/14 levels left

rFire    + . .     SeeInvis +   x - +0 rapier
rCold    . . .     Gourm    .   (shield restricted)
rNeg     . . .     Faith    .   b - +0 robe
rPois    .         Spirit   .   (helmet restricted)
rElec    .         Reflect  .   (no cloak)
rCorr    .         Harm     .   (gloves unavailable)
MR       +....                  (boots unavailable)
Stlth    +++++.....             (no amulet)
HPRegen  0.13/turn              e - +5 ring of evasion
MPRegen  0.14/turn              B - ring of protection from fire

@: lethally poisoned (-3 -> -5), very slightly contaminated, wreathed by umbra,
invisible, very quick
A: very small, unfitting armour, see invisible, herbivore, speed 3, slow
metabolism 2
a: Shadow Step, Renounce Religion


You were on level 9 of the Dungeon.
You worshipped Dithmenos.
Dithmenos was pleased with you.
You were very hungry.

You visited 2 branches of the dungeon, and saw 10 of its levels.

You collected 328 gold pieces.
You spent 220 gold pieces at shops.

Inventory:

Hand Weapons
 g - a +0 dagger
 x - a +0 rapier (weapon)
Missiles
 d - 73 arrows
 l - 19 stones (quivered)
 G - 14 poisoned needles
Armour
 b - a +0 robe (worn)
Jewellery
 e - a +5 ring of evasion (left hand)
 m - an uncursed ring of fire
 B - a ring of protection from fire (right hand)
 E - an uncursed amulet of guardian spirit
 I - an uncursed ring of magical power {unknown}
Wands
 p - a wand of polymorph (12)
Scrolls
 a - a scroll of magic mapping {unknown}
 f - a scroll of fear {unknown}
 k - a scroll of immolation {unknown}
 q - 3 scrolls of remove curse {@r2}
 t - 4 scrolls of amnesia
 w - a scroll of enchant armour {unknown}
 y - a scroll of fog {unknown}
 D - a scroll of blinking {unknown}
 H - a scroll of teleportation {unknown}
Potions
 i - 2 potions of agility {unknown}
 n - a potion of invisibility
 o - 2 potions of magic
 r - a potion of might {unknown}
 s - a potion of cancellation {unknown}
 u - a potion of flight {unknown}
 v - a potion of berserk rage {unknown}
 z - 2 potions of mutation
 C - a potion of lignification {unknown}
 F - a potion of degeneration {unknown}
Comestibles
 c - 18 rations


   Skills:
 - Level 3.0 Fighting
 - Level 6.3 Short Blades
 + Level 8.4 Dodging
 * Level 9.4 Stealth
 + Level 3.9 Spellcasting
 * Level 1.1 Hexes
 - Level 2.0 Necromancy
 + Level 0.4 Invocations
 - Level 3.1 Evocations


You had 9 spell levels left.
You knew the following spells:

 Your Spells              Type           Power        Failure   Level  Hunger
a - Animate Skeleton      Necr           N/A          9%          1    None
b - Apportation           Tloc           #.....       21%         1    None
c - Confuse               Hex            #.......     36%         3    ###....

Your spell library contained the following spells:

 Spells                   Type           Power        Failure   Level  Hunger
 Summon Small Mammal      Summ           #...         21%         1    None
 Confusing Touch          Hex            #.....       12%         1    None
 Metabolic Englaciation   Hex/Ice        #.........   99%         5    ######.
 Petrify                  Tmut/Erth      #.......     89%         4    ####...
 Gell's Gravitas          Tloc           #.........   52%         3    ###....
 Yara's Violent Unravell  Hex/Tmut       #.........   99%         5    ######.


Dungeon Overview and Level Annotations

Branches:
Dungeon (9/15)             Temple (1/1) D:7
   Lair: D:8-11         Orc: D:9-12

Altars:
Ashenzari
Cheibriados
Dithmenos
Elyvilon
Fedhas
Gozag
Hepliaklqana
Kikubaaqudgha
Makhleb
Nemelex Xobeh
Qazlal
Ru
Sif Muna
Trog
Uskayaw
Vehumet
Wu Jian
Xom
Zin
The Shining One

Shops:
D:7 :


Innate Abilities, Weirdness & Mutations

You are very small and have problems with some larger weapons.
You are too small for most types of armour.
You have supernaturally acute eyesight. (SInv)
You are a herbivore.
You cover ground extremely quickly.
You need to consume almost no food.


Message History

A killer bee comes into view. 2 killer bees come into view.
The killer bee buzzes angrily. x2
The killer bee buzzes angrily.
The killer bee closely misses you. The killer bee stings you.
* * * LOW HITPOINT WARNING * * *
You are poisoned.
The killer bee poisons you!
* * * LOW HITPOINT WARNING * * *
You feel sick.
You fade into invisibility!
The killer bee completely misses you. The killer bee closely misses you.
You are very lightly contaminated with residual magic.
There is an open door here.
* * * LOW HITPOINT WARNING * * *
You feel sick.
You close the door.
The killer bee completely misses you. The killer bee stings you.
You die...

...........# ####'#
#...........# ####.....
#...........# #..'.....
#...........# #.##.....
#...........# #.##.....
#...........###.##...#.
+...........##.#######.
#...........'..# #.
#....y@.....#### #.
#####+####### #..y.y#
#####y# . ######.### ..
##........# ...
........y.# ..y.
.#........######y....
#.......y#..y.y.....


You could see a killer bee.

Vanquished Creatures
  A spriggan (D:7)
  2 phantoms (D:5)
  A sky beast (D:6)
  4 centaurs
  An ogre (D:8)
  A bullfrog (D:6)
  A howler monkey (D:6)
  A crimson imp (D:5)
  2 bullfrog zombies
  2 centaur skeletons
  A hound (D:4)
  An orc priest (D:5)
  A jelly (D:8)
  A bullfrog skeleton (D:8)
  An orc wizard (D:5)
  4 worker ants
  2 hound skeletons
  3 gnolls (D:8)
  2 worker ant zombies (D:5)
  6 adders
  A howler monkey skeleton (D:7)
  A shadow imp (D:9)
  An adder skeleton (D:7)
  An adder zombie (D:6)
  3 worms
  3 leopard geckos
  6 orcs
  7 goblins
  3 hobgoblins
  9 jackals
  2 quokkas
  2 ball pythons
  2 bats
  2 frilled lizards
  A hobgoblin zombie (D:5)
  2 kobolds
  A kobold zombie (D:5)
  3 leopard gecko skeletons
  2 orc zombies (D:5)
  3 rats
93 creatures vanquished.

Notes
Turn   | Place    | Note
-------+----------+-------------------------------------------
     0 | D:1      | iamserjio the Spriggan Monk began the quest for the Orb.
     0 | D:1      | Reached XP level 1. HP: 11/11 MP: 2/2
   113 | D:1      | Reached XP level 2. HP: 13/16 MP: 3/3
   175 | D:2      | Found a burning altar of Makhleb.
   175 | D:2      | Noticed a green death
   296 | D:2      | Reached skill level 5 in Dodging
   296 | D:2      | Reached skill level 4 in Stealth
   296 | D:2      | Reached XP level 3. HP: 4/19 MP: 4/4
   398 | D:2      | Found a bloodstained altar of Trog.
   823 | D:3      | Reached skill level 5 in Stealth
   912 | D:3      | Reached XP level 4. HP: 21/23 MP: 5/5
   913 | D:3      | Found a white marble altar of Elyvilon.
   943 | D:4      | Noticed an ogre
  1246 | D:4      | Reached skill level 6 in Stealth
  1362 | D:4      | HP: 1/23 [centaur skeleton (8)]
  1363 | D:4      | Reached XP level 5. HP: 2/27 MP: 6/6
  1400 | D:4      | HP: 1/27 [quokka (2)]
  1530 | D:5      | Entered Level 5 of the Dungeon
  1536 | D:4      | HP: 1/27 [worker ant (8)]
  1676 | D:5      | Noticed a phantom
  1681 | D:5      | Killed a phantom
  1681 | D:5      | Reached skill level 7 in Stealth
  1681 | D:5      | Reached skill level 1 in Evocations
  1681 | D:5      | Reached XP level 6. HP: 8/32 MP: 6/8
  1759 | D:5      | Learned a level 1 spell: Animate Skeleton
  1761 | D:5      | Learned a level 1 spell: Apportation
  1791 | D:6      | Noticed a sky beast
  1800 | D:6      | Killed a sky beast
  1800 | D:6      | Reached skill level 5 in Short Blades
  1812 | D:6      | Found a shimmering altar of Xom.
  1813 | D:6      | Found a shimmering altar of Xom.
  1825 | D:6      | You fall through a shaft for 2 floors!
  1842 | D:8      | Reached skill level 1 in Spellcasting
  1842 | D:8      | Reached XP level 7. HP: 17/35 MP: 9/9
  2116 | D:7      | Reached skill level 1 in Necromancy
  2191 | D:7      | Noticed a spriggan baker
  2193 | D:7      | Killed a spriggan baker
  2193 | D:7      | Reached skill level 8 in Stealth
  2287 | D:6      | Found a hazy altar of Hepliaklqana.
  2514 | D:5      | Reached XP level 8. HP: 28/40 MP: 12/12
  2624 | D:6      | Found a deep blue altar of Sif Muna.
  3197 | D:6      | Reached skill level 9 in Stealth
  3298 | D:6      | HP: 2/40 [orc wizard/magic dart (3)]
  3318 | D:7      | Found a staircase to the Ecumenical Temple.
  3337 | Temple   | Entered the Ecumenical Temple
  3461 | D:7      | Found Cysmike's Book Emporium.
  3461 | D:7      | Found an opulent altar of Gozag.
  3605 | Temple   | Became a worshipper of Dithmenos the Shadowed
  3605 | Temple   | Reached * piety under Dithmenos
  3605 | Temple   | Reached ** piety under Dithmenos
  3660 | D:7      | Bought a book of Misfortune for 220 gold pieces
  3664 | D:7      | Learned a level 3 spell: Confuse
  3991 | D:8      | Reached skill level 1 in Hexes
  4062 | D:9      | Slain by a killer bee

Vault maps used:
D:1:      dpeg_arrival_boxes_within_box, tso_altar
D:2:      makhleb_altar_promises_db, old_standard_altar, first_ration
D:3:      elyvilon_altar_1, overflow_temple_1_default
D:5:      supply_closet_lemuel, minmay_mini_ossuary
D:6:      grunt_temple_overflow_open, xom_redecorated
D:7:      nicolae_overflow_crystal_walls, minmay_temple_entry_statues_fountains,
          serial_shops, shop, the_bakery
D:8:      minmay_lair_entry_grove
D:9:      okawaru_metal_pillars_1_2, kennysheep_orc_monster_closet_entryway,
          david_defended_altar_orc
Temple:   nicolae_temple_figure_eight

Skill      XL: |  1  2  3  4  5  6  7  8 |
---------------+-------------------------+-----
Dodging        | 5 6 7 8 |  8.4
Stealth        | 4 5 6 7 8 9 |  9.4
Short Blades   | 4 5 6 |  6.3
Evocations     | 1 2 3 |  3.1
Spellcasting   | 1 2 3 |  3.9
Fighting       | 3 |  3.0
Necromancy     | 2 |  2.0
Hexes          | 1 |  1.1
Invocations    | |  0.4

Action                   |  1- 3 |  4- 6 |  7- 9 || total
-------------------------+-------+-------+-------++-------
Melee: Short sword       |    71 |       |       ||    71
       Rapier            |       |    76 |   262 ||   338
 Fire: Hunting sling     |     7 |     3 |    47 ||    57
Throw: Stone             |       |       |     2 ||     2
Evoke: Wand              |       |     4 |     8 ||    12
  Use: Potion            |       |     1 |     2 ||     3
       Scroll            |       |       |     5 ||     5
 Stab: Sleeping          |    12 |     6 |    12 ||    30
       Paralysed         |       |     4 |     1 ||     5
Armor: Robe              |     6 |     4 |     6 ||    16
Dodge: Dodged            |    45 |    75 |   249 ||   369

Table legend:
 A = Spawn XP
 B = Non-spawn XP
 C = Spawn XP percentage of total XP
 D = Spawn monster count
 E = Non-spawn monster count
 F = Spawn count percentage of total count
 G = Total turns spent on level
                    A         B        C        D         E        F      G
               +---------+---------+-------+---------+---------+-------+---------
         Total |       0 |    2202 |   0.0 |       0 |      93 |   0.0 |  4062
               +---------+---------+-------+---------+---------+-------+---------
           D:1 |       0 |      20 |   0.0 |       0 |      12 |   0.0 |   261
           D:2 |       0 |      42 |   0.0 |       0 |       7 |   0.0 |   415
           D:3 |       0 |      36 |   0.0 |       0 |      10 |   0.0 |   307
           D:4 |       0 |     172 |   0.0 |       0 |       7 |   0.0 |   683
           D:5 |       0 |     676 |   0.0 |       0 |      28 |   0.0 |   978
           D:6 |       0 |     392 |   0.0 |       0 |       9 |   0.0 |   227
           D:7 |       0 |     602 |   0.0 |       0 |      11 |   0.0 |   617
           D:8 |       0 |     251 |   0.0 |       0 |       8 |   0.0 |   369
           D:9 |       0 |      11 |   0.0 |       0 |       1 |   0.0 |    65
               +---------+---------+-------+---------+---------+-------+---------
